 Dungeon Crawl Stone Soup version 0.29.1-15-g9cfb28693d (webtiles) character file.

Game seed: 5329242435844396130

62 sphericalcow the Trooper (level 3, -10/29 HPs)
             Began as a Demonspawn Berserker on Mar 9, 2023.
             Was a Believer of Trog.
             Splashed by a jelly's acid (12 damage)
             ... on level 6 of the Dungeon.
             The game lasted 00:08:44 (2270 turns).

sphericalcow the Trooper (Demonspawn Berserker)     Turns: 2270, Time: 00:08:45

Health: -10/29     AC:  3    Str: 19    XL:     3   Next: 85%
Magic:  3/3        EV: 11    Int:  8    God:    Trog [**....]
Gold:   97         SH:  0    Dex: 18    Spells: 2/2 levels left

rFire   . . .      SeeInvis +   a - +0 mace
rCold   . . .      Faith    .   (no shield)
rNeg    . . .      Spirit   .   l - +0 ring mail
rPois   .          Reflect  .   (no helmet)
rElec   .          Harm     .   (no cloak)
rCorr   .          Rampage  .   (no gloves)
Will    .....                   (no boots)
Stlth   +.........              (no amulet)
HPRegen 0.09/turn               r - +6 ring of dexterity
MPRegen 0.08/turn               h - ring of see invisible

@: corroded
A: icy blue scales 1, demonic guardian 1
a: Renounce Religion, Berserk, Trog's Hand


You were on level 6 of the Dungeon.
You worshipped Trog.
Trog was pleased with you.
You visited 1 branch of the dungeon, and saw 4 of its levels.

You collected 97 gold pieces.

Inventory:

Hand Weapons
 a - a +0 mace (weapon)
Missiles
 i - 12 stones (quivered)
Armour
 l - a +0 ring mail (worn)
Jewellery
 h - a ring of see invisible (right hand)
 r - a +6 ring of dexterity (left hand)
Scrolls
 c - 2 scrolls of enchant armour {unknown}
 e - a scroll of amnesia {unknown}
 f - a scroll of noise {unknown}
 g - a scroll of teleportation {unknown}
 k - a scroll of fear {unknown}
 n - a scroll of immolation {unknown}
 p - 2 scrolls of identify {unknown}
 q - a scroll of blinking {unknown}
Potions
 d - 3 potions of curing {unknown}
 j - a potion of mutation {unknown}
 m - a potion of degeneration {unknown}
 o - a potion of heal wounds {unknown}


   Skills:
 + Level 3.6 Fighting
 + Level 3.4 Maces & Flails
 * Level 1.8 Armour
 + Level 2.2 Dodging
 - Level 0.9 Stealth


You had 2 spell levels left.
You didn't know any spells.
Your spell library was empty.

Dungeon Overview and Level Annotations

Branches:
Dungeon (3/15)

Altars:
Nemelex Xobeh

Shops:
D:6 (


Innate Abilities, Weirdness & Mutations

You are partially covered in icy blue scales. (AC +2)
A weak demonic guardian rushes to your aid.


Message History

You open the door.
A sourceless malevolence fills the Dungeon...
You fall into a shaft and drop 3 floors!
The shaft crumbles and collapses.
Found Hir Kid's Weapon Shoppe.
Found a human corpse and 12 gold pieces.
Found a club.
You now have 97 gold pieces (gained 12).
A jelly comes into view.
The jelly quivers.
The jelly jiggles.
There is an entrance to Hir Kid's Weapon Shoppe here.
You see here a human corpse.
You see here a human corpse.
There are no objects that can be picked up here. a human corpse You hit the jelly.
Your hands burn!
The jelly is moderately wounded.
The jelly misses you.
You hit the jelly.
Your hands burn!
The jelly is moderately wounded.
The jelly hits you but does no damage.
You hit the jelly. The acid corrodes you!
Your hands burn!
The jelly is heavily wounded.
The jelly hits you but does no damage.
You hit the jelly but do no damage.
Your hands burn!
The jelly is heavily wounded.
The jelly hits you.
You are splashed with acid.
The jelly barely misses you.
You hit the jelly.
Your hands burn!
* * * LOW HITPOINT WARNING * * *
The jelly is severely wounded.
The jelly closely misses you.
You hit the jelly. The acid corrodes you!
Your hands burn!
* * * LOW HITPOINT WARNING * * *
A demonic guardian appears!
The jelly is almost dead.
The jelly misses you. The jelly attacks as you move away! The jelly hits you.
* * * LOW HITPOINT WARNING * * *
You are splashed with acid!
You die...

.............
........#.8.
.###....##.#..
..#.........# ..
#..#.#.....# .. ...
#..#......# ....
....##...####..###....
#..#@.†..##.......##.
##...J................
.......5.∩...#....###...
..##............#..##...
.##.#.....#.....##....
....##...##........##
....................#
....J.#............##
..J.###............#


You could see a jelly (ally target) and a friendly iron imp (summoned).

Vanquished Creatures
  An adder (D:2)
  2 worms (D:2)
  An orc (D:3)
  2 bats
  5 endoplasms
  A giant cockroach (D:1)
  2 goblins (D:2)
  A hobgoblin (D:1)
  4 jackals (D:2)
  2 kobolds (D:1)
  2 quokkas (D:2)
  A ball python (D:2)
  4 frilled lizards (D:1)
  5 rats
33 creatures vanquished.

Vanquished Creatures (collateral kills)
  An adder (D:2)
  A hobgoblin (D:2)
2 creatures vanquished.

Grand Total: 35 creatures vanquished

Notes
Turn   | Place    | Note
-------+----------+-------------------------------------------
     0 | D:1      | sphericalcow the Demonspawn Berserker began the quest for
                  | the Orb.
     0 | D:1      | Reached XP level 1. HP: 18/18 MP: 1/1
   385 | D:1      | Gained mutation: A weak demonic guardian rushes to your
                  | aid. [demonic ancestry]
   385 | D:1      | Reached XP level 2. HP: 24/24 MP: 2/2
   906 | D:2      | Found a sparkling altar of Nemelex Xobeh.
  1221 | D:2      | Gained mutation: You are partially covered in icy blue
                  | scales. (AC +2) [demonic ancestry]
  1221 | D:2      | Reached XP level 3. HP: 16/29 MP: 3/3
  1572 | D:2      | Reached ** piety under Trog
  1881 | D:2      | Noticed an eye of devastation
  1883 | D:2      | Found a faded altar of an unknown god.
  1885 | D:2      | Noticed a floating eye
  1885 | D:2      | Noticed a great orb of eyes
  1885 | D:2      | Noticed an eye of devastation
  2217 | D:3      | You fall into a shaft and drop 3 floors!
  2217 | D:6      | Found Hir Kid's Weapon Shoppe.
  2270 | D:6      | Splashed by a jelly's acid

Illustrated notes

Levels and vault maps discovered:
D:1:      minmay_arrival_plants_in_alcoves, layout_basic
D:2:      layout_rooms, basic_altar, hellmonk_ecumenical_altar_watching_god,
          nicolae_concentric_dashed_squares_mild
D:3:      layout_basic
D:6:      layout_cave_pools, kennysheep_mini, nicolae_hepliaklqana_hippocampus,
          serial_shops, shop_statue, nicolae_shop_behind_doors,
          nicolae_shop_bloodbath_and_beyond, nicolae_good_shop

Skill      XL: |  1  2 |
---------------+-------+-----
Maces & Flails | 3 |  3.4
Dodging        | 2 |  2.2
Fighting       | |  3.6
Armour         | |  1.8
Stealth        | |  0.9

Action                   || total
-------------------------++-------
Melee: Mace              ||    98
       Punch             ||     2
 Stab: Sleeping          ||     1
Armor: Animal skin       ||    29
       Ring mail         ||     2
Dodge: Dodged            ||    62
